Map: Réquisition EC

Players

JohnNiep - Winner!

  • Race: Protoss Protoss
  • Spawn Location: 11:00

StarTiflette - Winner!

  • Race: Zerg Zerg
  • Spawn Location: 12:00

gruber

  • Race: Zerg Zerg
  • Spawn Location: 6:00

Alexandre

  • Race: Zerg Zerg
  • Spawn Location: 5:00

VOD

Have the link to the VOD?

Description

Time

  • Played on: Sept. 15, 2026, 10:57 a.m.
  • Length: 14:00
Show
View Real Time Build Order
Export as new Build Order

JohnNiep Protoss - Winner!

Build Orders:  

Get SALT Encoding   

  8  0:00  Probe  
  9  0:12  Probe (Chrono Boost)  
  11  0:22  Probe (Chrono Boost)  
  11  0:32  Pylon  
  11  0:34  Probe  
  12  0:46  Probe  
  13  0:58  Probe (Chrono Boost)  
  14  1:10  Probe (Chrono Boost)  
  15  1:15  Probe (Chrono Boost)  
  16  1:35  Probe  
  18  1:47  Probe  
  18  1:48  Nexus  
  18  1:51  Assimilator  
  18  1:59  Probe  
  19  2:08  Gateway  
  19  2:12  Forge  
  19  2:15  Probe (Chrono Boost)  
  20  2:25  Probe (Chrono Boost)  
  20  2:27  Pylon  
  21  2:45  Probe  
  21  2:48  Photon Cannon  
  22  2:53  Photon Cannon  
  22  2:58  Gateway  
  22  3:00  Probe (Chrono Boost)  
  23  3:12  Probe (Chrono Boost)  
  25  3:14  Probe (Chrono Boost)  
  25  3:15  Pylon  
  25  3:21  Cybernetics Core  
  25  3:28  Assimilator  
  25  3:43  Probe  
  25  3:44  Probe, Photon Cannon  
  27  3:51  Photon Cannon  
  28  3:55  Probe  
  28  3:56  Probe  
  28  3:57  Warp Gate (Chrono Boost)  
  28  3:59  Assimilator  
  29  4:03  Sentry  
  29  4:05  Sentry  
  29  4:07  Probe (Chrono Boost)  
  35  4:10  Probe (Chrono Boost)  
  35  4:19  Probe (Chrono Boost)  
  35  4:22  Protoss Ground Weapons Level 1 (Chrono Boost)  
  37  4:25  Probe (Chrono Boost)  
  37  4:26  Probe (Chrono Boost)  
  38  4:32  Probe  
  38  4:33  Zealot  
  38  4:34  Zealot  
  43  4:45  Assimilator  
  43  4:50  Probe x2  
  45  4:56  Pylon  
  45  5:00  Zealot  
  45  5:01  Zealot  
  45  5:02  Probe  
  50  5:10  Twilight Council  
  50  5:14  Probe x2  
  52  5:26  Probe x2  
  54  5:33  Nexus  
  54  5:35  Pylon  
  54  5:38  Pylon, Probe x2  
  56  5:47  Zealot  
  58  5:53  Zealot, Probe  
  61  5:57  Photon Cannon  
  61  6:01  Photon Cannon, Sentry  
  63  6:06  Probe (Chrono Boost)  
  63  6:07  Assimilator, Sentry  
  67  6:12  Probe (Chrono Boost)  
  67  6:16  Probe (Chrono Boost)  
  68  6:20  Probe (Chrono Boost)  
  68  6:25  Pylon  
  69  6:42  Pylon, Stalker x2  
  69  6:43  Probe  
  69  6:45  Probe  
  69  6:47  Pylon  
  75  6:54  Photon Cannon  
  75  6:56  Stalker x2  
  79  7:10  Stalker x2, Photon Cannon  
  83  7:23  Stalker x2  
  83  7:24  Protoss Shields Level 1 (Chrono Boost)  
  83  7:26  Stargate  
  83  7:28  Stargate  
  87  7:31  Pylon  
  87  7:32  Probe  
  87  7:34  Pylon  
  87  7:37  Stalker  
  90  7:38  Pylon  
  90  7:49  Probe x3  
  93  8:01  Probe x3  
  93  8:02  Pylon  
  96  8:10  Robotics Facility  
  96  8:12  Pylon  
  96  8:13  Photon Cannon, Probe  
  96  8:15  Phoenix  
  96  8:17  Phoenix  
  101  8:22  Probe (Chrono Boost)  
  101  8:23  Probe (Chrono Boost)  
  101  8:25  Photon Cannon  
  101  8:26  Assimilator  
  104  8:27  Photon Cannon  
  104  8:29  Probe (Chrono Boost)  
  105  8:34  Probe (Chrono Boost)  
  105  8:39  Probe (Chrono Boost)  
  107  8:41  Probe (Chrono Boost)  
  106  8:58  Phoenix x2 (Chrono Boost)  
  110  9:05  Fleet Beacon  
  110  9:14  Stalker x2  
  110  9:15  Phoenix x2 (Chrono Boost)  
  118  9:27  Stalker, Zealot  
  121  9:39  Phoenix x2  
  121  9:41  Zealot x2  
  129  9:46  Protoss Ground Weapons Level 2 (Chrono Boost)  
  129  9:49  Gateway  
  129  9:51  Gateway  
  129  9:52  Gateway  
  129  9:54  Gateway x2, Zealot  
  129  9:58  Pylon, Gateway  
  129  9:59  Pylon  
  131  10:00  Anion Pulse-Crystals (Chrono Boost)  
  131  10:01  Pylon  
  131  10:07  Pylon  
  131  10:21  Stalker x2  
  135  10:23  Void Ray x2 (Chrono Boost)  
  135  10:24  Pylon  
  135  10:26  Protoss Air Weapons Level 1 (Chrono Boost)  
  135  10:27  Pylon  
  143  10:30  Pylon  
  143  10:32  Observer (Chrono Boost)  
  137  10:59  Void Ray  
  135  11:16  Phoenix  
  135  11:41  Phoenix  
  135  11:42  Phoenix  
  135  11:45  Stalker x4  
  135  11:46  Stalker x4  
  155  11:59  Stalker x7  
  167  12:05  Phoenix  
  165  12:08  Observer (Chrono Boost)  
  165  12:13  Void Ray  
  158  12:30  Void Ray  
  158  12:33  Stalker x6  
  174  12:50  Pylon  
  165  12:52  Pylon  
  165  12:56  Void Ray  
  145  13:03  Stalker x5  
  145  13:04  Zealot x2  
Show
View Real Time Build Order
Export as new Build Order

StarTiflette Zerg - Winner!

Build Orders: Hatch First 

Get SALT Encoding   

  8  0:00  Drone  
  9  0:11  Drone  
  10  0:17  Drone  
  11  0:22  Drone  
  12  0:32  Overlord  
  12  0:51  Drone x2  
  12  0:52  Drone  
  15  1:13  Hatchery  
  15  1:18  Extractor  
  13  1:34  Spawning Pool  
  13  1:35  Drone  
  13  1:40  Drone  
  13  1:46  Drone  
  15  1:51  Drone  
  16  1:57  Drone  
  17  2:10  Drone  
  18  2:20  Metabolic Boost  
  18  2:23  Overlord  
  18  2:31  Queen  
  20  2:40  Baneling Nest  
  20  2:42  Zergling x2  
  20  2:46  Zergling x2  
  20  2:50  Zergling x2  
  22  2:53  Zergling x2  
  22  2:57  Zergling x2  
  24  3:01  Zergling x2  
  25  3:06  Zergling x2  
  26  3:13  Zergling x4  
  28  3:23  Baneling x2  
  28  3:26  Baneling x2  
  28  3:27  Zergling x4  
  30  3:44  Zergling x4  
  32  3:58  Overlord  
  32  4:14  Overlord  
  32  4:16  Queen  
  34  4:22  Drone x3  
  34  4:23  Drone x2  
  39  4:28  Drone  
  40  4:32  Overlord  
  39  4:42  Drone x3  
  42  4:51  Drone x3  
  45  5:07  Drone x3  
  45  5:09  Roach Warren  
  47  5:14  Baneling x2  
  47  5:23  Drone  
  47  5:25  Drone x5  
  44  5:45  Extractor  
  44  5:46  Extractor  
  44  5:47  Extractor  
  44  5:49  Baneling  
  41  5:52  Roach x7  
  54  6:12  Drone  
  54  6:14  Overlord x2  
  55  6:21  Overlord x2  
  55  6:22  Overlord x2  
  55  6:27  Lair  
  55  6:39  Drone  
  57  6:40  Drone x6  
  57  6:41  Evolution Chamber  
  57  6:42  Drone x2  
  57  6:43  Drone  
  64  6:56  Spore Crawler  
  64  7:00  Spore Crawler  
  61  7:05  Spore Crawler  
  61  7:06  Drone  
  61  7:07  Drone x4  
  61  7:08  Spore Crawler  
  64  7:09  Zerg Missile Weapons Level 1  
  64  7:25  Hydralisk Den  
  63  7:32  Overlord  
  63  7:55  Drone  
  64  8:00  Grooved Spines, Hydralisk, Hatchery  
  64  8:01  Hydralisk x7  
  79  8:09  Infestation Pit  
  78  8:28  Hydralisk x3  
  84  8:46  Hydralisk x5, Swarm Host  
  84  8:47  Swarm Host  
  100  8:50  Muscular Augments  
  95  9:10  Zerg Missile Weapons Level 2  
  95  9:11  Infestor x2  
  95  9:12  Hydralisk  
  101  9:37  Hydralisk x5  
  111  10:02  Overlord x2  
  111  10:03  Overlord x5  
  105  10:16  Infestor  
  105  10:17  Infestor  
  109  10:29  Hydralisk  
  109  10:30  Hydralisk x4  
  112  10:57  Hydralisk x4  
  113  11:15  Hydralisk  
  113  11:16  Hydralisk  
  109  11:54  Roach x4  
  113  12:24  Lair  
  113  12:25  Hydralisk  
  113  12:26  Hydralisk x2  
  119  12:37  Roach x2  
  85  13:06  Hydralisk  
  85  13:07  Hydralisk x2  
  91  13:26  Hatchery  
  74  13:35  Hatchery  
Show
View Real Time Build Order
Export as new Build Order

gruber Zerg 

Build Orders: Hatch First, Lurkers 

Get SALT Encoding   

  8  0:05  Drone  
  9  0:14  Drone  
  9  0:18  Drone  
  11  0:23  Drone  
  12  0:29  Extractor  
  12  0:33  Drone  
  13  0:40  Overlord  
  13  1:00  Drone x2  
  15  1:05  Drone  
  16  1:22  Hatchery  
  15  1:26  Drone  
  15  1:29  Drone  
  17  1:44  Extractor  
  17  1:47  Spawning Pool  
  15  1:50  Drone  
  16  1:54  Drone  
  16  1:57  Drone  
  18  2:04  Drone  
  19  2:09  Extractor  
  18  2:16  Drone  
  19  2:27  Drone  
  20  2:35  Zergling x4  
  22  2:38  Queen  
  22  2:44  Overlord  
  24  2:53  Spine Crawler  
  24  2:56  Drone  
  24  2:58  Overlord x2  
  24  3:04  Drone  
  24  3:05  Drone  
  26  3:16  Drone x2  
  27  3:28  Drone  
  27  3:29  Drone  
  27  3:33  Zergling x2  
  30  3:41  Drone  
  30  3:47  Evolution Chamber  
  30  3:50  Zergling x4, Evolution Chamber  
  31  3:59  Spine Crawler, Drone x2  
  32  4:04  Baneling Nest  
  32  4:05  Drone x2  
  32  4:09  Metabolic Boost  
  33  4:13  Zerg Melee Weapons Level 1  
  33  4:15  Drone  
  33  4:16  Drone  
  35  4:29  Drone  
  35  4:30  Drone  
  37  4:36  Extractor  
  37  4:37  Roach Warren  
  33  4:39  Drone  
  33  4:40  Drone  
  35  4:53  Spore Crawler  
  35  4:55  Spore Crawler, Drone x3  
  35  4:56  Drone x3  
  35  4:58  Extractor  
  38  5:01  Extractor  
  38  5:02  Lair  
  36  5:09  Baneling x2  
  36  5:10  Baneling, Zergling x2  
  37  5:19  Drone  
  39  5:21  Zergling x4  
  40  5:29  Drone x2  
  40  5:30  Drone x2  
  40  5:32  Baneling x2  
  43  5:45  Drone x4  
  47  6:00  Overlord  
  47  6:02  Queen, Hatchery  
  46  6:12  Glial Reconstitution  
  46  6:16  Overseer  
  46  6:19  Drone  
  46  6:20  Drone x5  
  52  6:29  Overseer  
  52  6:35  Overlord x2  
  52  6:36  Overlord x2  
  52  6:56  Roach x2  
  52  6:57  Roach x4, Spire  
  52  7:00  Overseer  
  63  7:06  Zerg Missile Weapons Level 1  
  63  7:07  Zerg Ground Armor Level 1  
  63  7:09  Centrifugal Hooks  
  63  7:20  Drone x3  
  66  7:22  Spine Crawler  
  66  7:23  Drone x2, Spore Crawler  
  66  7:24  Spine Crawler  
  65  7:33  Ravager x4  
  65  7:37  Drone x3  
  71  7:42  Hydralisk Den  
  72  7:44  Queen  
  72  7:45  Spore Crawler  
  72  7:50  Infestation Pit  
  72  7:51  Drone x2  
  73  7:52  Drone x3  
  73  7:53  Extractor  
  73  7:56  Extractor  
  75  8:05  Roach x4  
  83  8:06  Roach, Drone  
  83  8:10  Queen  
  88  8:13  Drone  
  88  8:15  Muscular Augments  
  88  8:18  Drone  
  90  8:26  Drone  
  91  8:27  Overlord x2  
  91  8:28  Overlord x2  
  91  8:38  Overlord  
  91  8:39  Overlord x3  
  91  8:56  Zergling x6  
  91  8:57  Zergling x16  
  101  9:09  Pneumatized Carapace  
  99  9:10  Drone x3  
  99  9:11  Drone  
  103  9:34  Roach x4  
  103  9:35  Roach x3  
  116  9:43  Hydralisk  
  116  9:44  Hydralisk x4  
  126  9:54  Drone x2  
  128  10:18  Drone x2  
  128  10:19  Drone x5, Overlord x4  
  128  10:20  Drone x2  
  128  10:21  Drone x4  
  141  10:29  Overseer  
  141  10:30  Overseer  
  141  10:33  Lurker Den, Hive  
  140  10:36  Zergling x8  
  140  10:37  Zergling x4  
  140  10:39  Grooved Spines  
  146  10:44  Burrow  
  146  11:09  Hydralisk x3  
  146  11:10  Hydralisk x6  
  159  11:17  Spine Crawler  
  155  11:20  Hydralisk x6, Spine Crawler  
  155  11:24  Zerg Ground Armor Level 2, Zerg Missile Weapons Level 2  
  166  11:28  Drone x2  
  168  11:40  Lurker x2  
  168  11:41  Lurker x3, Hydralisk x3  
  168  11:43  Overlord x2  
  169  11:47  Hatchery  
  169  11:48  Extractor  
  148  12:13  Hydralisk x5  
  148  12:14  Hydralisk x4  
  157  12:16  Roach x4  
  163  12:28  Roach x4  
  157  12:52  Hydralisk x7  
  157  12:53  Hydralisk  
  143  13:05  Drone  
  111  13:12  Overseer x3  
  111  13:17  Lurker x3  
  111  13:18  Lurker  
  115  13:23  Overlord x5  
  115  13:24  Spine Crawler  
  106  13:31  Zergling x8  
Show
View Real Time Build Order
Export as new Build Order

Alexandre Zerg 

Build Orders: Hatch First 

Get SALT Encoding   

  8  0:05  Drone  
  9  0:11  Drone  
  10  0:19  Drone  
  11  0:26  Drone  
  12  0:59  Hatchery  
  12  1:01  Drone  
  12  1:25  Spawning Pool  
  11  1:34  Drone  
  12  1:46  Overlord  
  12  1:56  Extractor  
  12  1:58  Extractor  
  10  2:04  Drone x3  
  13  2:12  Drone  
  15  2:15  Zergling x2  
  15  2:24  Drone  
  16  2:58  Drone x2  
  16  2:59  Drone x4  
  16  3:04  Lair  
  22  3:17  Drone x2  
  24  3:20  Extractor  
  24  3:22  Extractor  
  24  3:24  Metabolic Boost  
  22  3:39  Spine Crawler  
  23  3:47  Spine Crawler, Zergling x4  
  24  4:00  Overlord  
  24  4:20  Zergling x2  
  24  4:21  Zergling x6  
  24  4:22  Drone  
  24  4:23  Spine Crawler  
  28  4:38  Spire  
  27  4:48  Drone x2  
  27  4:49  Drone x2  
  31  5:05  Extractor  
  30  5:10  Extractor  
  30  5:13  Drone x3  
  32  5:15  Overlord  
  32  5:42  Zergling x2  
  32  5:43  Zergling x4  
  32  5:47  Mutalisk x3  
  40  5:56  Overlord  
  40  6:14  Queen  
  38  6:27  Mutalisk x4  
  46  6:34  Overlord x2  
  46  6:38  Drone  
  42  7:02  Mutalisk x3  
  48  7:11  Drone x3  
  51  7:29  Mutalisk x2  
  53  7:42  Drone x5  
  53  7:43  Drone  
  59  7:54  Hatchery  
  58  7:58  Drone  
  58  7:59  Drone x3  
  62  8:14  Drone x2  
  62  8:16  Overlord x3  
  64  8:27  Extractor  
  64  8:32  Extractor  
  62  8:36  Drone x2  
  62  8:37  Drone  
  62  8:38  Drone x2  
  62  8:40  Drone  
  62  8:41  Drone x2  
  70  8:46  Mutalisk  
  72  9:16  Mutalisk x4  
  72  9:17  Mutalisk x4  
  88  9:48  Infestation Pit  
  88  9:49  Drone x4  
  88  9:50  Drone  
  88  9:51  Overlord x3  
  88  9:52  Overlord  
  92  10:04  Overseer  
  92  10:23  Drone x3  
  92  10:24  Hive  
  83  10:58  Pneumatized Carapace  
  83  10:59  Mutalisk  
  83  11:00  Mutalisk x6  
  83  11:01  Mutalisk  
  99  11:22  Mutalisk x4  
  101  12:00  Ultralisk Cavern  
  92  12:22  Mutalisk x2  
  80  12:23  Mutalisk x6  
  80  12:24  Mutalisk x3  
  84  12:59  Ultralisk x4  
  82  13:14  Ultralisk  
  82  13:15  Ultralisk  
  94  13:41  Zergling x4  
  94  13:42  Zergling x12  
Tags
 
Add a new tag
Caveats
  • Supply blocks, unpowered buildings, or Contaminate may cause inaccurate times.
  • Supply counts are checked every 10 seconds.